 Dungeon Crawl Stone Soup version 0.24.0-123-gd5b16e6ec5 (webtiles) character file.

Game seed: 4350027885908623625, levelgen mode: deterministic

7 MoonSent the Vexing (level 2, -1/16 HPs)
             Began as a Kobold Arcane Marksman on Jan 5, 2020.
             Killed from afar by a dart slug (6 damage)
             ... with a slug dart
             ... on level 2 of the Dungeon.
             The game lasted 00:19:20 (826 turns).

MoonSent the Vexing (Kobold Arcane Marksman)         Turns: 826, Time: 00:19:21

Health: -1/16      AC:  5    Str:  7    XL:     2   Next: 10%
Magic:  3/3        EV: 15    Int: 14    God:
Gold:   64         SH:  0    Dex: 15    Spells: 2/3 levels left

rFire    . . .     SeeInvis .   a - +0 shortbow
rCold    . . .     Gourm    .   (shield currently unavailable)
rNeg     . . .     Faith    .   e - +0 robe
rPois    .         Spirit   .   (no helmet)
rElec    .         Reflect  .   g - +0 cloak
rCorr    .         Harm     .   j - +0 pair of gloves
MR       .....                  l - +0 pair of boots
Stlth    +.........             (no amulet)
HPRegen  0.05/turn              (no ring)
MPRegen  0.08/turn              (no ring)

@: no status effects
A: small, carnivore
a: no special abilities


You were on level 2 of the Dungeon.
You were not hungry.

You visited 1 branch of the dungeon, and saw 2 of its levels.

You collected 64 gold pieces.

Inventory:

Hand Weapons
 a - a +0 shortbow (weapon)
 h - a +0 dagger
Missiles
 d - 38 arrows (quivered)
Armour
 e - a +0 robe (worn)
 g - a +0 cloak (worn)
 j - a +0 pair of gloves (worn)
 l - a +0 pair of boots (worn)
Scrolls
 b - 2 scrolls of enchant weapon {unknown}
 i - a scroll of teleportation {unknown}
 k - a scroll of fog {unknown}
 m - a scroll of amnesia {unknown}
Potions
 c - a potion of ambrosia {unknown}
 n - a potion of mutation {unknown}
Comestibles
 f - 2 rations


   Skills:
 - Level 1.1 Fighting
 + Level 2.1 Bows
 - Level 2.4 Dodging
 * Level 1.3 Spellcasting
 + Level 3.3 Hexes


You had 2 spell levels left.
You knew the following spells:

 Your Spells              Type           Power        Failure   Level  Hunger
a - Corona                Hex            ##.....      6%          1    ##.....

Your spell library contained the following spells:

 Spells                   Type           Power        Failure   Level  Hunger
 Slow                     Hex            ##......     10%         2    ###....
 Inner Flame              Hex/Fire       #.......     36%         3    ####...
 Portal Projectile        Hex/Tloc       #.....       36%         3    ####...
 Cause Fear               Hex            ##........   54%         4    #####..
 Leda's Liquefaction      Hex/Erth       #.........   77%         4    #####..


Dungeon Overview and Level Annotations

Branches:
Dungeon (2/15)

Altars:

Annotations:
D:2 Sigmund


Innate Abilities, Weirdness & Mutations

You are small and have problems with some larger weapons.
You are carnivorous and can eat meat at any time.


Message History

Sigmund is lightly wounded.
Sigmund casts a spell at you. The puff of flame hits you!
The dart slug launches a dart at you. The slug dart hits you.
Firing (i - inventory)
d - 40 arrows (quivered)
Press: ? - help, Shift-Dir - straight line, f/p - Sigmund
Aim: Sigmund, wielding a +0 scythe and wearing a +0 robe (lightly wounded)
You shoot an arrow.
The arrow hits Sigmund but does no damage.
Sigmund is lightly wounded.
Sigmund closely misses you.
Firing (i - inventory)
d - 39 arrows (quivered)
Press: ? - help, Shift-Dir - straight line, f - dart slug, p - Sigmund
Aim: a dart slug (severely wounded, clinging)
You shoot an arrow. The arrow barely misses the dart slug.
Sigmund hits you from afar with a +0 scythe.
The dart slug launches a dart at you. The slug dart hits you.
You die...

#.....####......<....
#..(>....†......##...
#.....####.#...## ..
......#.## #.##### .
...#.##.#####.######
.[ #. #.#.....<....#
. # #.#.###.####.#
#.#.###(# ...#(@.@#
#.###........
#..###..# ##w# .# (#
.. ..


You could see Sigmund and a dart slug.

Vanquished Creatures
  A leopard gecko (D:1)
  A hobgoblin (D:2)
  A kobold (D:1)
  A frilled lizard (D:1)
  A goblin (D:1)
  2 rats (D:2)
7 creatures vanquished.

Notes
Turn   | Place    | Note
-------+----------+-------------------------------------------
     0 | D:1      | MoonSent the Kobold Arcane Marksman began the quest for the
                  | Orb.
     0 | D:1      | Reached XP level 1. HP: 12/12 MP: 2/2
   783 | D:2      | Reached XP level 2. HP: 16/16 MP: 1/3
   797 | D:2      | Noticed Sigmund
   826 | D:2      | Killed from afar by a dart slug

Levels and vault maps discovered:
D:1:      dpeg_arrival_simpleton_a, layout_basic
D:2:      layout_loops_ring, old_standard_altar,
          yredelemnul_forgotten_temple_becter, okawaru_metal_pillars_1_2,
          uniq_sigmund, uniq_natasha

Action                   || total
-------------------------++-------
 Fire: Shortbow          ||    20
 Cast: Corona            ||     6
Armor: Robe              ||     1
Dodge: Dodged            ||     6
